 Seeded DCSS version 0.29.1-12-g30fa7ad0bf (webtiles) character file.

Game seed: 9152848807977080366 (custom seed)

64 retardedninja the Shield-Bearer (level 3, -2/49 HPs)
             Began as a Minotaur Fighter on Jan 10, 2023.
             Slain by Sigmund
             ... wielding a +0 scythe
              (9 damage)
             ... on level 2 of the Dungeon.
             The game lasted 00:02:14 (1569 turns).

retardedninja the Shield-Bearer (Minotaur Fighter)  Turns: 1569, Time: 00:02:15

Health: -2/49      AC:  7    Str: 22    XL:     3   Next: 91%
Magic:  2/2        EV:  9    Int:  5    God:
Gold:   95         SH:  4    Dex:  9    Spells: 2/2 levels left

rFire   . . .      SeeInvis .   a - +0 war axe
rCold   . . .      Faith    .   c - +0 buckler
rNeg    . . .      Spirit   .   b - +0 scale mail
rPois   .          Reflect  .   (helmet restricted)
rElec   .          Harm     .   (no cloak)
rCorr   .          Rampage  .   (no gloves)
Will    .....                   (no boots)
Stlth   ..........              (no amulet)
HPRegen 0.16/turn               (no ring)
MPRegen 0.08/turn               (no ring)

@: mighty, berserking, very quick
A: horns 2, retaliatory headbutt
a: no special abilities


You were on level 2 of the Dungeon.
You visited 1 branch of the dungeon, and saw 2 of its levels.

You collected 95 gold pieces.

Inventory:

Hand Weapons
 a - a +0 war axe (weapon)
Armour
 b - a +0 scale mail (worn)
 c - a +0 buckler (worn)
Jewellery
 g - a ring of see invisible
Scrolls
 e - a scroll of vulnerability {unknown}
 f - a scroll of amnesia {unknown}
 h - a scroll of identify {unknown}
 j - a scroll of enchant weapon {unknown}
 k - a scroll of fear {unknown}
 m - a scroll of noise {unknown}
Potions
 d - a potion of might
 i - a potion of heal wounds {unknown}
 l - a potion of berserk rage


   Skills:
 + Level 4.2 Fighting
 + Level 3.2 Axes
 + Level 4.3 Armour
 + Level 4.3 Shields


You had 2 spell levels left.
You didn't know any spells.
Your spell library contained the following spells:

 Spells                   Type           Power      Damage    Failure   Level
 Gell's Gravitas          Tloc           0%         N/A       99%         3
 Lesser Beckoning         Tloc           0%         N/A       99%         3
 Teleport Other           Tloc           0%         N/A       99%         3


Dungeon Overview and Level Annotations

Branches:
Dungeon (2/15)

Altars:
The Shining One

Shops:
D:1 [

Annotations:
D:2 Sigmund


Innate Abilities, Weirdness & Mutations

You have a pair of horns on your head.
You reflexively headbutt those who attack you in melee.


Message History

There are monsters nearby!
There are monsters nearby!
Found a ring mail.
Sigmund points at you and mumbles some strange words.
The puff of flame hits you! You block the frilled lizard's attack.
You closely miss the frilled lizard. The frilled lizard bites you.
You feel very mighty all of a sudden.
The frilled lizard bites you but does no damage.
Sigmund screams, "You will never...
NEVER!!!"
The frilled lizard barely misses you. Sigmund barely misses you.
The frilled lizard barely misses you.
Sigmund gestures wildly while chanting.
Sigmund flickers and vanishes!
Deactivating autopickup; reactivate with Ctrl-A.
You closely miss something. You barely miss the frilled lizard.
You slash the bush! The frilled lizard barely misses you. Something hits you.
The frilled lizard barely misses you.
You closely miss something. You slash the frilled lizard!
You kill the frilled lizard!
You slash the bush! Something hits you.
You barely miss something. You slash the bush! Something hits you.
You barely miss something. Your headbutt misses something. You hit the bush.
Something hits you but does no damage.
You closely miss something. You hit the bush.
Something hits you but does no damage.
You closely miss something. You hit the bush but do no damage.
Something hits you!
* * * LOW HITPOINT WARNING * * *
You miss something. You completely miss the bush. You barely miss something.
Your headbutt misses something. You slash the bush! Something hits you.
* * * LOW HITPOINT WARNING * * *
It was a potion of berserk rage.
A red film seems to cover your vision as you go berserk!
You feel yourself moving faster!
You feel mighty!
You hear some strange, mumbled words.
Something tries to affect you, but you resist.
You slash something! You hit the bush but do no damage. Something hits you!
You die...

+.(..............#..
####............♣.♣.♣..
#...................#..
#.......P(......♣.♣.♣..
#......♣P...........#..
#......P.♣.......†♣.♣..
######..♣♣♣.............
..........♣.♣.........#..
........@†♣♣♣.........#..
........{P..♣♣PP.....<...
.........PP.♣♣P♣.P.####..
.)...............#..#....
.............######...###
.............# #####
.......[....#
#############


There were no monsters in sight!

Vanquished Creatures
  Jessica (D:2)
  An adder (D:2)
  4 endoplasms
  A giant cockroach (D:2)
  2 goblins
  2 hobgoblins
  A quokka (D:2)
  2 ball pythons
  5 bats
  4 frilled lizards
  5 kobolds
  A rat (D:2)
29 creatures vanquished.

Notes
Turn   | Place    | Note
-------+----------+-------------------------------------------
     0 | D:1      | retardedninja the Minotaur Fighter began the quest for the
                  | Orb.
     0 | D:1      | Reached XP level 1. HP: 19/19 MP: 0/0
    65 | D:1      | Found Daiz Ogh's Armour Boutique.
   391 | D:1      | Reached XP level 2. HP: 27/27 MP: 1/1
   519 | D:1      | Found a faded altar of an unknown god.
  1193 | D:2      | Reached XP level 3. HP: 29/33 MP: 2/2
  1305 | D:2      | Found a glowing golden altar of the Shining One.
  1385 | D:2      | Noticed Jessica
  1401 | D:2      | Killed Jessica
  1553 | D:2      | Noticed Sigmund
  1569 | D:2      | Slain by Sigmund

Illustrated notes

Levels and vault maps discovered:
D:1:      lemuel_arrival_room, layout_basic, serial_shops, shop,
          hellmonk_ecumenical_altar_lost_god
D:2:      layout_basic, serial_forest, infiniplex_forest_clump_curved,
          infiniplex_forest_lined_2, infiniplex_forest_lined_3_way,
          infiniplex_forest_straight_2, infiniplex_forest_clump_small,
          infiniplex_forest_clump_small, basic_altar, uniq_jessica, uniq_sigmund

Skill      XL: |  1  2  3 |
---------------+----------+-----
Armour         | 4 |  4.3
Shields        | 4 |  4.3
Fighting       | 4 |  4.2
Axes           | 3 |  3.2

Action                   || total
-------------------------++-------
Melee: War axe           ||    72
       Headbutt          ||     2
  Use: Potion            ||     2
Armor: Scale mail        ||    41
Dodge: Dodged            ||    35
Block: Buckler           ||    13
